 Dungeon Crawl Stone Soup version 0.21.0-24-g2553a33 (webtiles) character file.

6617 sankara the Basher (level 10, 0/94 HPs)
             Began as a Minotaur Fighter on Jan 20, 2018.
             Was a Believer of Makhleb.
             Slain by a crocodile (11 damage)
             ... on level 1 of the Lair of Beasts.
             The game lasted 00:34:31 (7861 turns).

sankara the Basher (Minotaur Fighter)               Turns: 7861, Time: 00:34:32

Health: 0/94       AC: 18    Str: 22    XL:     10   Next: 72%
Magic:  9/9        EV:  4    Int: 10    God:    Makhleb [**....]
Gold:   490        SH:  9    Dex: 12    Spells: 9/9 levels left

rFire    . . .     SeeInvis +   L - +0 flail (drain)
rCold    . . .     Gourm    .   c - +0 shield
rNeg     . . .     Faith    .   l - +0 plate armour
rPois    .         Spirit   .   (helmet restricted)
rElec    .         Reflect  .   x - +0 cloak
rCorr    .         Harm     .   (no gloves)
MR       .....                  (no boots)
Stlth    ..........             (no amulet)
HPRegen  0.25/turn              q - ring of see invisible
MPRegen  0.11/turn              (no ring)

@: brilliant, lethally poisoned (0 -> -2)
A: retaliatory headbutt, horns 2, talons 1, thin metallic scales 1, wild magic 2
a: Minor Destruction, Renounce Religion


You were on level 1 of the Lair of Beasts.
You worshipped Makhleb.
Makhleb was pleased with you.
You were hungry.

You visited 3 branches of the dungeon, and saw 10 of its levels.

You collected 490 gold pieces.

Inventory:

Hand Weapons
 a - a +0 morningstar
 b - the +6 hand axe of Vemul {holy, MR++}
   (You found it on level 7 of the Dungeon)

   It has been blessed by the Shining One to cause great damage to the undead
   and demons.
   It affects your resistance to hostile enchantments.
 m - a +3 dire flail of protection
 L - a +0 flail of draining (weapon)
Missiles
 k - 34 poisoned needles
 B - 2 javelins (quivered)
 H - 4 curare-tipped needles
Armour
 c - a +0 shield (worn)
 l - a +0 plate armour (worn)
 x - a +0 cloak (worn)
Jewellery
 q - a ring of see invisible (left hand)
Wands
 A - a wand of iceblast (18)
 C - a wand of flame (67)
 D - a wand of digging (6)
 E - a wand of polymorph (12)
 I - a wand of enslavement (13)
Scrolls
 d - a scroll of fear {unknown}
 g - 2 scrolls of noise {unknown}
 h - 5 scrolls of teleportation {unknown}
 i - 4 scrolls of identify
 j - 5 scrolls of remove curse
 r - 5 scrolls of blinking {unknown}
 s - 4 scrolls of amnesia {unknown}
 t - 3 scrolls of enchant weapon {unknown}
 w - a scroll of immolation {unknown}
 y - a scroll of fog {unknown}
 J - a scroll of torment {unknown}
Potions
 e - 8 potions of curing
 n - a potion of mutation
 p - a potion of magic
 u - a potion of invisibility {unknown}
 v - 2 potions of brilliance
 z - 2 potions of lignification {unknown}
 F - a potion of haste {unknown}
 G - a potion of ambrosia {unknown}
 K - a potion of flight {unknown}
Comestibles
 f - 12 rations


   Skills:
 + Level 10.5 Fighting
 * Level 13.4 Maces & Flails
 + Level 10.4 Armour
 - Level 3.6 Shields


You had 9 spell levels left.
You didn't know any spells.

Dungeon Overview and Level Annotations

Branches:
Dungeon (8/15)             Temple (1/1) D:4            Lair (1/6) D:8

Altars:
Ashenzari
Cheibriados
Dithmenos
Elyvilon
Fedhas
Gozag
Hepliaklqana
Makhleb
Nemelex Xobeh
Okawaru
Qazlal
Ru
Sif Muna
Trog
Uskayaw
Vehumet
Xom
Zin
The Shining One

Shops:
D:4 }(


Innate Abilities, Weirdness & Mutations

You reflexively headbutt those who attack you in melee.
You have a pair of horns on your head.
You have sharp toenails.
You are partially covered in thin metallic scales. (AC +2)
Your spells are harder to cast, but more powerful.


Message History

You turn to flesh and can move again.
Unknown command.
It was a potion of mutation.
You feel extremely strange.
Thin metallic scales grow over part of your body.
You feel less in control of your magic. x2; Your toenails lengthen and sharpen.
You feel sick. You block the basilisk's attack.
The crocodile bites you but does no damage.
It was a potion of cancellation.
You feel magically purged.
You feel sick.
The basilisk bites you but does no damage.
The crocodile bites you.
* * * LOW HITPOINT WARNING * * *
It was a potion of magic.
Magic courses through your body.
The basilisk bites you but does no damage.
The crocodile bites you but does no damage.
It was a potion of brilliance.
You feel clever all of a sudden.
You feel sick.
The basilisk bites you but does no damage.
The crocodile bites you!
You die...

...# ..# ##
#.## ..# #..#
#...
#..###P.... #
#...P#...#
..##.#..<....#
#............##
........t@.###
...######†l# ..
##... ...#
..... .#P...
#####.. ..


You could see a basilisk and a crocodile.

Vanquished Creatures
  Pikel (D:8)
  Maurice (D:8)
  A spiny frog (Lair:1)
  Grinder (D:3)
  A hippogriff (D:8)
  A spriggan (D:7)
  2 basilisks (D:8)
  10 yaks
  Menkaure (D:7)
  Edmund (D:6)
  Duvessa (D:6)
  3 porcupines (D:8)
  3 orc warriors
  Purgy (D:3)
  3 ice beasts
  2 sky beasts
  5 ogres
  2 crocodiles (D:8)
  A centaur (D:8)
  2 bullfrogs
  Dowan (D:6)
  A wyvern skeleton (D:8)
  2 scorpions (D:7)
  2 electric eels (D:6)
  2 howler monkeys
  A crimson imp (D:7)
  A quasit (D:6)
  A bullfrog zombie (D:7)
  Crazy Yiuf (D:3)
  3 orc priests
  A hound (D:8)
  A centaur skeleton (D:5)
  5 orc wizards
  2 worker ants
  A worker ant zombie (D:8)
  8 adders
  5 shadow imps
  2 worms (D:3)
  A dart slug (D:3)
  4 leopard geckos
  20 orcs
  7 bats
  5 giant cockroaches
  8 goblins
  4 hobgoblins
  10 jackals
  7 kobolds
  A quokka (D:7)
  6 frilled lizards
  A leopard gecko zombie (D:6)
  8 rats
165 creatures vanquished.

Vanquished Creatures (others)
  2 slaves (D:8)
  2 bushes (D:8)
  7 plants (D:8)
11 creatures vanquished.

Grand Total: 176 creatures vanquished

Notes
Turn   | Place    | Note
-------+----------+-------------------------------------------
     0 | D:1      | sankara the Minotaur Fighter began the quest for the Orb.
     0 | D:1      | Reached XP level 1. HP: 19/19 MP: 0/0
   185 | D:1      | Reached skill level 3 in Maces & Flails
   375 | D:1      | Reached XP level 2. HP: 27/27 MP: 1/1
  1031 | D:2      | Reached XP level 3. HP: 30/33 MP: 2/2
  1155 | D:2      | Reached skill level 4 in Maces & Flails
  1163 | D:2      | Found a stormy altar of Qazlal.
  1181 | D:2      | Found a faded altar of an unknown god.
  1312 | D:2      | Found a deep blue altar of Sif Muna.
  1719 | D:3      | Reached XP level 4. HP: 41/41 MP: 3/3
  1744 | D:3      | Noticed Purgy
  1755 | D:3      | Killed Purgy
  1755 | D:3      | Reached skill level 5 in Maces & Flails
  1755 | D:3      | Reached XP level 5. HP: 33/47 MP: 4/4
  2062 | D:3      | Noticed Grinder
  2079 | D:3      | Killed Grinder
  2079 | D:3      | Reached skill level 5 in Fighting
  2079 | D:3      | Reached skill level 6 in Maces & Flails
  2079 | D:3      | Reached skill level 5 in Armour
  2079 | D:3      | Reached XP level 6. HP: 28/56 MP: 5/5
  2487 | D:3      | Found a runed door.
  2491 | D:3      | Noticed Crazy Yiuf
  2501 | D:3      | Killed Crazy Yiuf
  2712 | D:4      | Found Zoeceicu's Gadget Shoppe.
  2726 | D:4      | Found a staircase to the Ecumenical Temple.
  2739 | Temple   | Entered the Ecumenical Temple
  2779 | Temple   | Became a worshipper of Makhleb the Destroyer
  3148 | D:4      | Found a shimmering altar of Xom.
  3234 | D:4      | Found a hide-covered altar of Uskayaw.
  3324 | D:4      | Found Yquci's Weapon Shoppe.
  3426 | D:5      | Entered Level 5 of the Dungeon
  3477 | D:5      | Found a transporter.
  3478 | D:5      | Noticed a sky beast
  3484 | D:5      | Killed a sky beast
  3484 | D:5      | Reached skill level 7 in Maces & Flails
  3484 | D:5      | Reached XP level 7. HP: 55/62 MP: 6/6
  3540 | D:5      | Found a transporter.
  4060 | D:5      | Found a glowing silver altar of Zin.
  4700 | D:5      | Reached skill level 8 in Maces & Flails
  5052 | D:6      | Reached XP level 8. HP: 71/71 MP: 7/7
  5085 | D:6      | Noticed Duvessa
  5085 | D:6      | Noticed Dowan
  5107 | D:6      | Killed Duvessa
  5132 | D:6      | Killed Dowan
  5161 | D:6      | Noticed Edmund
  5167 | D:6      | Killed Edmund
  5251 | D:6      | Found a glowing golden altar of the Shining One.
  5489 | D:6      | Reached skill level 9 in Maces & Flails
  5702 | D:6      | Reached * piety under Makhleb
  6050 | D:7      | Noticed Menkaure
  6065 | D:7      | Killed Menkaure
  6065 | D:7      | Reached skill level 10 in Maces & Flails
  6065 | D:7      | Reached XP level 9. HP: 23/81 MP: 8/8
  6403 | D:7      | Found an opulent altar of Gozag.
  6450 | D:7      | Found a white marble altar of Elyvilon.
  6515 | D:7      | Reached skill level 11 in Maces & Flails
  6527 | D:7      | Reached ** piety under Makhleb
  6657 | D:7      | Got a scorched hand axe
  6659 | D:7      | Identified the +6 hand axe of Vemul {holy, MR++} (You found it on level 7 of the Dungeon)
  7235 | D:8      | Reached skill level 12 in Maces & Flails
  7249 | D:8      | Reached XP level 10. HP: 87/91 MP: 9/9
  7265 | D:8      | Found a shattered altar of Ashenzari.
  7265 | D:8      | Found a hazy altar of Hepliaklqana.
  7293 | D:8      | Noticed Maurice
  7317 | D:8      | Killed Maurice
  7378 | D:8      | Noticed Pikel
  7389 | D:8      | Killed Pikel
  7500 | D:8      | Reached skill level 10 in Fighting
  7517 | D:8      | Reached skill level 10 in Armour
  7522 | D:8      | Reached skill level 13 in Maces & Flails
  7797 | D:8      | Found a staircase to the Lair.
  7829 | Lair:1   | Entered Level 1 of the Lair of Beasts
  7829 | Lair:1   | Noticed a spiny frog
  7844 | Lair:1   | Killed a spiny frog
  7858 | Lair:1   | Gained mutation: You are partially covered in thin metallic scales. (AC +2) [potion of mutation]
  7858 | Lair:1   | Gained mutation: Your spells are a little harder to cast, but a little more powerful. [potion of mutation]
  7858 | Lair:1   | Gained mutation: Your spells are harder to cast, but more powerful. [potion of mutation]
  7858 | Lair:1   | Gained mutation: You have sharp toenails. [potion of mutation]
  7861 | Lair:1   | Slain by a crocodile

Skill      XL: |  1  2  3  4  5  6  7  8  9 10 |
---------------+-------------------------------+-----
Maces & Flails | 3 4 5 6 7 8 10 12 13 | 13.4
Fighting       | 4 5 6 8 9 10 | 10.5
Armour         | 4 5 6 7 9 10 | 10.4
Shields        | |  3.6

Action                   |  1- 3 |  4- 6 |  7- 9 | 10-12 || total
-------------------------+-------+-------+-------+-------++-------
Melee: Flail             |   153 |    94 |    11 |   106 ||   364
       Headbutt          |    16 |    20 |    47 |    26 ||   109
       Morningstar       |       |       |   255 |    19 ||   274
Evoke: Wand              |       |       |    19 |       ||    19
  Use: Potion            |       |       |     3 |     4 ||     7
       Scroll            |       |       |     2 |     1 ||     3
 Stab: Distracted        |       |       |       |     1 ||     1
  Eat: Chunk             |     3 |     5 |     9 |     2 ||    19
       Ration            |       |       |     1 |       ||     1
Armor: Scale mail        |    26 |       |       |       ||    26
       Plate armour      |    82 |    58 |   151 |    67 ||   358
Dodge: Dodged            |    35 |    18 |    51 |    16 ||   120
Block: Shield            |    87 |    37 |   129 |    44 ||   297
